 Dungeon Crawl Stone Soup version 0.19.5 (webtiles) character file.

262 Scud the Chopper (level 5, -1/48 HPs)
             Began as a Minotaur Fighter on Mar 15, 2017.
             Killed by divine providence
             ... invoked by an orc priest
              (11 damage)
             ... on level 3 of the Dungeon.
             The game lasted 00:12:30 (2457 turns).

Scud the Chopper (Minotaur Fighter)                 Turns: 2457, Time: 00:12:30

Health: -1/48      AC:  8    Str: 22    XL:     5   Next: 97%
Magic:  4/4        EV:  8    Int:  5    God:
Gold:   130        SH:  9    Dex:  9    Spells: 0 memorised, 4 levels left

rFire  . . .     SeeInvis .     a - +0 war axe
rCold  . . .     Gourm    .     b - +0 scale mail
rNeg   . . .     Faith    .     c - +0 shield
rPois  .         Spirit   .     (helmet restricted)
rElec  .         Reflect  .     (no cloak)
rCorr  .         Harm     .     (no gloves)
MR     .....                    j - +0 pair of boots
Stlth  ..........               (no amulet)
                                (no ring)
                                (no ring)

@: no status effects
A: retaliatory headbutt, horns 2
a: no special abilities


You were on level 3 of the Dungeon.
You were not hungry.

You visited 1 branch of the dungeon, and saw 3 of its levels.

You collected 130 gold pieces.

Inventory:

Hand Weapons
 a - a +0 war axe (weapon)
Armour
 b - a +0 scale mail (worn)
 c - a +0 shield (worn)
 j - a +0 pair of boots (worn)
Magical Staves
 h - an uncursed staff of death {unknown}
Scrolls
 e - 6 scrolls of identify
 i - a scroll of fog
 l - a scroll of enchant weapon {unknown}
 n - a scroll of blinking {unknown}
 p - a scroll of remove curse
Potions
 d - 2 potions of might
 k - 2 potions of curing
 o - 2 potions of cure mutation {unknown}
Comestibles
 f - a beef jerky
 g - a meat ration
 m - a bread ration
 q - 2 chunks of flesh


   Skills:
 * Level 5.0 Fighting
 * Level 5.8 Axes
 + Level 4.3 Armour
 + Level 0.9 Dodging
 + Level 4.1 Shields


You had 4 spell levels left.
You didn't know any spells.

Dungeon Overview and Level Annotations

Branches:
Dungeon (3/15)

Altars:
Dithmenos
Okawaru

Annotations:
D:3 Scud's ghost, amateur VSFi


Innate Abilities, Weirdness & Mutations

You reflexively headbutt those who attack you in melee.
You have a pair of horns on your head.


Message History

Scud's ghost hits you.
You hit Scud's ghost but do no damage. You headbutt Scud's ghost.
Scud's ghost is moderately damaged.
Scud's ghost hits you!
You hit Scud's ghost but do no damage. You headbutt Scud's ghost!
Scud's ghost is heavily damaged.
Scud's ghost hits you! You block the orc priest's attack.
Scud's ghost hits you but does no damage.
You barely miss Scud's ghost.
Scud's ghost is heavily damaged.
Scud's ghost hits you.
You closely miss Scud's ghost.
You headbutt Scud's ghost, but do no damage.
Scud's ghost is heavily damaged.
You barely miss the orc. The orc closely misses you. You furiously retaliate!
You headbutt the orc. Scud's ghost hits you!
* * * LOW HITPOINT WARNING * * *
The orc priest invokes the aid of Beogh against you.
Beogh smites you!
You die...

..# #......# #.... ###
#.# #..##..###..# ....
#.# #.###..#..# #....
..######..##.....##.....
........................
........##.........#
#..(...####..._...##
#.......##.........##...
#...............@......#
#.###.....##...oW##..###
#.# ####.###..#.o# #.#
#.# #.##..###o.# .# #.#
# ....# #.... # #. ###..
...## ...# ######## .#.#
#....... ###.######


You could see an orc priest, Scud's ghost and 2 orcs.

Vanquished Creatures
  2 bullfrogs (D:3)
  6 adders
  An ooze (D:1)
  3 worms (D:2)
  A dart slug (D:1)
  4 leopard geckos
  An orc (D:3)
  2 giant cockroaches
  3 goblins
  7 hobgoblins
  8 jackals
  7 kobolds
  3 ball pythons
  3 bats
  2 frilled lizards
  10 rats
63 creatures vanquished.

Notes
Turn   | Place    | Note
-------+----------+-------------------------------------------
     0 | D:1      | Scud the Minotaur Fighter began the quest for the Orb.
     0 | D:1      | Reached XP level 1. HP: 19/19 MP: 0/0
    64 | D:1      | Reached XP level 2. HP: 23/27 MP: 1/1
   483 | D:1      | Reached XP level 3. HP: 33/33 MP: 2/2
   666 | D:2      | Found an iron altar of Okawaru.
   917 | D:2      | Reached XP level 4. HP: 35/41 MP: 3/3
  1792 | D:3      | Noticed a bullfrog
  1802 | D:3      | Killed a bullfrog
  1802 | D:3      | Reached skill level 5 in Axes
  1802 | D:3      | Reached XP level 5. HP: 23/47 MP: 4/4
  2213 | D:3      | Reached skill level 5 in Fighting
  2428 | D:3      | Found a shadowy altar of Dithmenos.
  2450 | D:3      | Noticed Scud's ghost (amateur VSFi)
  2457 | D:3      | Killed from afar by an orc priest

Skill      XL: |  1  2  3  4  5 |
---------------+----------------+-----
Fighting       | 4 5 |  5.0
Axes           | 3 5 |  5.8
Armour         | 4 |  4.3
Shields        | 4 |  4.1
Dodging        | |  0.9

Action                   |  1- 3 |  4- 6 || total
-------------------------+-------+-------++-------
Melee: War axe           |    77 |    58 ||   135
       Headbutt          |    13 |    11 ||    24
  Use: Scroll            |     2 |     1 ||     3
       Potion            |     1 |     2 ||     3
  Eat: Bread ration      |       |     1 ||     1
       Chunk             |       |     1 ||     1
Armor: Scale mail        |    40 |    27 ||    67
Dodge: Dodged            |    23 |    18 ||    41
Block: Shield            |    36 |    25 ||    61
